 Dungeon Crawl Stone Soup version 0.28.0-53-g5a82cb258f (webtiles) character file.

Game seed: 15292691806019317888

10084 101zpm the Thaumaturge (level 11, -4/59 HPs)
             Began as a Djinni Fire Elementalist on May 24, 2022.
             Was a Believer of Hepliaklqana.
             Slain by a seven-headed hydra (13 damage)
             ... on level 12 of the Dungeon.
             The game lasted 00:40:26 (18720 turns).

101zpm the Thaumaturge (Djinni Fire Elementalist)  Turns: 18720, Time: 00:40:26

Health: -4/59      AC:  4    Str:  7    XL:     11   Next: 86%
Gold:   525        EV: 13    Int: 20    God:    Hepliaklqana [**....] SH:  5 Dex: 21

rFire   + + .      SeeInvis .   w - +5 spear
rCold   . . .      Faith    .   (no shield)
rNeg    . . .      Spirit   .   M - +0 troll leather armour
rPois   ∞          Reflect  +   (no helmet)
rElec   .          Harm     .   (no cloak)
rCorr   .          Rampage  .   (no gloves)
Will    +....                   (boots unavailable)
Stlth   +++.......              q - amulet of reflection
HPRegen 0.99/turn               c - +6 ring of dexterity
MPRegen 0.00/turn               f - ring of protection from cold

@: flying
A: reduced essence, sickness immunity, fire resistance 2, cold vulnerability 1,
float, innate caster, HP casting, extra vitality 1
a: Renounce Religion, Ancestor Life: Knight, Ancestor Life: Battlemage, Ancestor
Life: Hexer, Recall Ancestor, Ancestor Identity


You were on level 12 of the Dungeon.
You worshipped Hepliaklqana.
Hepliaklqana was pleased with you.
You visited 2 branches of the dungeon, and saw 13 of its levels.
You also visited: Ossuary.

You collected 525 gold pieces.

Inventory:

Hand Weapons
 w - a +5 spear (weapon)
Missiles
 t - 2 throwing nets
Armour
 M - a +0 troll leather armour (worn)
Jewellery
 c - a +6 ring of dexterity (left hand)
 f - a ring of protection from cold (right hand)
 q - an amulet of reflection (around neck)
 K - a +6 ring of strength
Wands
 m - a wand of polymorph (2)
 r - a wand of digging (3)
 N - a wand of flame (4)
Scrolls
 b - 4 scrolls of fear
 i - 2 scrolls of immolation
 l - 2 scrolls of amnesia
 o - 2 scrolls of torment
 u - 11 scrolls of noise
 y - a scroll of identify
 z - a scroll of brand weapon
 B - a scroll of magic mapping
 C - 2 scrolls of vulnerability
 F - a scroll of holy word {unknown}
 G - 4 scrolls of teleportation {unknown}
 H - a scroll of blinking {unknown}
 L - a scroll of summoning
Potions
 d - 4 potions of resistance {unknown}
 e - 6 potions of degeneration
 g - 3 potions of haste {unknown}
 h - 5 potions of curing {unknown}
 j - a potion of magic {unknown}
 k - a potion of might {unknown}
 n - 4 potions of attraction {unknown}
 p - a potion of berserk rage {unknown}
 s - 3 potions of heal wounds
 v - 3 potions of flight {unknown}
 x - a potion of lignification {unknown}
 A - 5 potions of brilliance {unknown}
 D - 3 potions of invisibility {unknown}
 E - 6 potions of mutation
 I - a potion of ambrosia {unknown}
 J - a potion of cancellation {unknown}


   Skills:
 + Level 0.7 Fighting
 + Level 1.7 Armour
 + Level 3.1 Dodging
 + Level 4.4 Stealth
 + Level 1.0 Shields
 + Level 13.2 Spellcasting


You had 8 spell levels left.
You knew the following spells:

 Your Spells              Type           Power      Damage    Failure   Level
a - Foxfire               Conj/Fire      100%       2x1d9     1%          1
b - Scorch                Fire           100%       2d10      1%          2
c - Conjure Flame         Conj/Fire      60%        6-21      1%          3
d - Inner Flame           Hex/Fire       60%        N/A       1%          3
e - Flame Wave            Conj/Fire      60%        2d12      1%          4
f - Apportation           Tloc           100%       N/A       1%          1
g - Poisonous Vapours     Pois/Air       100%       N/A       1%          2
h - Call Canine Familiar  Summ           60%        N/A       1%          3
i - Iskenderun's Mystic   Conj/Tloc      60%        2d13      1%          4
j - Manifold Assault      Tloc           60%        N/A       1%          5
Your spell library was empty.

Dungeon Overview and Level Annotations

Branches:
Dungeon (12/15)            Temple (1/1) D:7            Lair (0/6) D:9
Ossuary (visited)
    Orc: D:9-12

Altars:
Ashenzari
Cheibriados
Dithmenos
Elyvilon
Fedhas
Gozag
Hepliaklqana
Kikubaaqudgha
Makhleb
Nemelex Xobeh
Okawaru
Qazlal
Ru
Sif Muna
Trog
Uskayaw
Vehumet
Wu Jian
Xom
Yredelemnul
Zin
The Shining One

Shops:
D:1 (

Annotations:
D:3 2 transporters, Exodus22XD's ghost, amateur MiFi
D:9 1 runed translucent door, lawnmower's ghost, novice FoAK


Innate Abilities, Weirdness & Mutations

Your life essence is reduced to manifest your ancestor. (-10% HP)
You are immune to sickness and miasma.
You are immune to poison.
Your flesh is very heat resistant. (rF++)
You are vulnerable to cold. (rC-)
You float through the air rather than walking.
You learn spells naturally, not from books.
Your magical power is your life essence.
You have superior vitality. (+4 MHP)


Message History

The seven-headed hydra bites Ishtar-belessa.
The seven-headed hydra misses Ishtar-belessa.
The seven-headed hydra bites Ishtar-belessa!
Ishtar-belessa is destroyed!
Casting: Inner Flame (safe; 1% risk of failure)
Confirm with . or Enter, or press ? or * to list all spells.
You can't see any susceptible monsters within range! (Use Z to cast anyway.)
You are too injured to fight recklessly!
Casting: Foxfire (safe; 1% risk of failure)
Press: ? - help, Q - select action, (/) - cycle Dir - look around, f - activate You conjure some foxfire!
Your foxfire dissipates!
The foxfire hits the seven-headed hydra.
Flame seeps out of the seven-headed hydra.
The seven-headed hydra is lightly wounded.
The seven-headed hydra is engulfed in blazing flames.
Flame seeps out of the seven-headed hydra.
Casting: Foxfire (safe; 1% risk of failure)
Confirm with . or Enter, or press ? or * to list all spells.
The seven-headed hydra bites you! The seven-headed hydra misses you.
You block the seven-headed hydra's attack. x2
The seven-headed hydra bites you!
* * * LOW HITPOINT WARNING * * *
The seven-headed hydra closely misses you.
The seven-headed hydra bites you.
* * * LOW HITPOINT WARNING * * *
There is a stone staircase leading up here.
Your warg bites the seven-headed hydra!
Flame seeps out of the seven-headed hydra.
The seven-headed hydra is engulfed in blazing flames.
Flame seeps out of the seven-headed hydra.
Your warg is engulfed in blazing flames.
Your warg barely misses the seven-headed hydra.
Your warg is engulfed in blazing flames.
There is a stone staircase leading up here.
The seven-headed hydra bites you.
* * * LOW HITPOINT WARNING * * *
You block the seven-headed hydra's attack.
The seven-headed hydra bites you!
You die...

################
#.........?....###
#...............>.
#.................
#.................
#.................
#..@Dh<...........
########....##..##
#..>.# ...
#.....). ..
#.....).. :
#....#.....
#....#.....
#........>. #.....
....


You could see a seven-headed hydra (inner flame, ally target) and a friendly
warg (summoned).

Vanquished Creatures
  A two-headed ogre (D:9)
  A centaur warrior (D:10)
  A komodo dragon (shapeshifter) (D:9)
  2 trolls
  Grinder (D:3)
  A hornet (D:7)
  2 shadows
  Sigmund (D:6)
  4 yaks
  2 wyverns
  5 vampire mosquitoes
  Edmund (D:5)
  2 acid dragons
  A water moccasin (D:5)
  An ice beast (D:7)
  2 sky beasts
  3 orc warriors
  2 centaurs
  2 ogres (D:5)
  2 phantoms
  4 gnoll sergeants
  3 kobold brigands
  3 bullfrogs
  A water moccasin zombie (D:7)
  3 scorpions (D:5)
  12 wights
  An electric eel (D:10)
  3 howler monkeys (D:9)
  A centaur zombie (D:6)
  4 hounds
  7 orc priests
  A jelly (D:6)
  2 centaur skeletons (D:7)
  Jessica (D:2)
  A gnoll shaman (D:5)
  Natasha (thrice) (D:2)
  13 orc wizards
  A hound skeleton (D:4)
  4 mummies (Ossuary)
  3 howler monkey zombies
  Robin (D:3)
  28 gnolls
  10 adders
  3 river rats (D:4)
  2 white imps
  8 worms
  3 dart slugs
  17 orcs
  6 ball pythons
  10 endoplasms
  2 giant cockroaches (D:1)
  6 goblins
  12 hobgoblins
  3 quokkas
  12 bats
  2 goblin zombies (Ossuary)
  2 hobgoblin zombies (Ossuary)
  42 kobolds
  2 kobold zombies (Ossuary)
  2 orc zombies (Ossuary)
  6 rats
287 creatures vanquished.

Vanquished Creatures (collateral kills)
  Gastronok (D:8)
  A troll (D:10)
  A bullfrog (D:6)
  2 wights (D:8)
  A centaur zombie (D:9)
  A howler monkey zombie (D:10)
  2 orcs
  A hobgoblin (D:3)
  A kobold (D:5)
11 creatures vanquished.

Vanquished Creatures (others)
  3 ancestors
  847 foxfires
  3 plants (D:9)
853 creatures vanquished.

Grand Total: 1151 creatures vanquished

Notes
Turn   | Place    | Note
-------+----------+-------------------------------------------
     0 | D:1      | 101zpm the Djinni Fire Elementalist began the quest for the
                  | Orb.
     0 | D:1      | Reached XP level 1. HP: 15/15 MP: 0/0
   126 | D:1      | Found a faded altar of an unknown god.
   182 | D:1      | Found Poneibuv's Antique Weapon Emporium.
   345 | D:1      | Reached XP level 2. HP: 17/21 MP: 0/0
  1331 | D:1      | Reached XP level 3. HP: 22/25 MP: 0/0
  1331 | D:1      | Learned a level 1 spell: Apportation
  1439 | D:1      | Reached skill level 3 in Spellcasting
  1641 | D:2      | Noticed Natasha
  1646 | D:2      | Killed Natasha
  1850 | D:2      | Reached XP level 4. HP: 25/31 MP: 0/0
  2003 | D:2      | Noticed a phantom
  2643 | D:2      | Noticed Jessica
  2647 | D:2      | Killed Jessica
  2752 | D:2      | Noticed Natasha
  2758 | D:2      | Killed Natasha
  2759 | D:2      | Reached XP level 5. HP: 21/35 MP: 0/0
  2759 | D:2      | Learned a level 2 spell: Poisonous Vapours
  3038 | D:2      | Reached skill level 4 in Spellcasting
  3592 | D:2      | Killed a phantom
  3593 | D:2      | Reached XP level 6. HP: 32/40 MP: 0/0
  3954 | D:2      | Noticed Natasha
  3957 | D:2      | Killed Natasha
  4079 | D:3      | Noticed Grinder
  4087 | D:3      | Killed Grinder
  4088 | D:3      | Reached skill level 5 in Spellcasting
  4088 | D:3      | Reached XP level 7. HP: 13/45 MP: 0/0
  4088 | D:3      | Learned a level 3 spell: Call Canine Familiar
  4405 | D:3      | Noticed Robin
  4409 | D:3      | Killed Robin
  4773 | D:3      | Found a transporter.
  4779 | D:3      | Noticed Exodus22XD's ghost (amateur MiFi)
  5222 | D:3      | Found a transporter.
  5437 | D:3      | Found a white marble altar of Elyvilon.
  5446 | D:3      | Found a glowing golden altar of the Shining One.
  5728 | D:4      | Reached skill level 6 in Spellcasting
  6151 | D:5      | Entered Level 5 of the Dungeon
  6166 | D:5      | Reached XP level 8. HP: 44/50 MP: 0/0
  6691 | D:5      | Reached skill level 7 in Spellcasting
  7678 | D:5      | Noticed Edmund
  7682 | D:5      | Killed Edmund
  7774 | D:5      | Reached XP level 9. HP: 47/55 MP: 0/0
  7774 | D:5      | Learned a level 4 spell: Iskenderun's Mystic Blast
  7777 | D:5      | Reached skill level 8 in Spellcasting
  9412 | D:6      | Noticed Sigmund
 10771 | D:5      | Reached skill level 9 in Spellcasting
 11940 | D:6      | Killed Sigmund
 11941 | D:6      | Reached XP level 10. HP: 36/61 MP: 0/0
 12006 | D:6      | Reached skill level 10 in Spellcasting
 12441 | D:7      | Found a staircase to the Ecumenical Temple.
 12493 | D:7      | Found a sand-covered staircase.
 12501 | Ossuary  | Entered an ossuary
 13217 | Temple   | Entered the Ecumenical Temple
 13368 | Temple   | Became a worshipper of Hepliaklqana the Forgotten
 14073 | D:7      | Reached skill level 11 in Spellcasting
 14882 | D:8      | Reached * piety under Hepliaklqana
 15227 | D:8      | Noticed Gastronok
 15235 | D:8      | Killed Gastronok
 15236 | D:8      | Reached skill level 1 in Shields
 15236 | D:8      | Reached XP level 11. HP: 27/59 MP: 0/0
 15236 | D:8      | Learned a level 5 spell: Manifold Assault
 15702 | D:8      | Found a snail-covered altar of Cheibriados.
 16310 | D:9      | Found a runed translucent door.
 16322 | D:9      | Reached skill level 12 in Spellcasting
 16599 | D:9      | Noticed lawnmower's ghost (novice FoAK)
 16696 | D:9      | Found a broken altar of Ashenzari.
 16882 | D:9      | Found a staircase to the Lair.
 16941 | D:9      | Reached ** piety under Hepliaklqana
 17276 | D:9      | Noticed a two-headed ogre
 17281 | D:9      | Killed a two-headed ogre
 17397 | D:10     | Entered Level 10 of the Dungeon
 18037 | D:10     | Found a glowing silver altar of Zin.
 18064 | D:10     | Found a bloodstained altar of Trog.
 18316 | D:10     | Noticed a centaur warrior
 18325 | D:10     | Killed a centaur warrior
 18326 | D:10     | Reached skill level 13 in Spellcasting
 18428 | D:10     | Reached skill level 1 in Armour
 18707 | D:12     | Noticed a seven-headed hydra
 18720 | D:12     | Slain by a seven-headed hydra

Illustrated notes

Levels and vault maps discovered:
D:1:      minmay_arrival_open_corners, layout_basic, serial_shops,
          nicolae_shop_advertising_works [nicolae_subvault_shop_adworks],
          ebering_ecumenical_altar_sacrificial, minivault_14
D:2:      layout_loops_corners, st_stairs_12, chequers_serial_rivers_large_a,
          minmay_tetromino_s4, uniq_jessica, uniq_natasha
D:3:      layout_loops_ring, mainiacjoe_overflow_swirl, gammafunk_ghost_arena,
          feat_on_display, uniq_robin, uniq_grinder
D:4:      layout_loops_corners, lightli_sewer_entry_pipes,
          minmay_misc_feat_nine_boxes
D:5:      minmay_goblin_kobold_castle, layout_loops_cross, fountainhead,
          kennysheep_generic_room_15, uniq_edmund
D:6:      layout_loops_ring, st_stairs_13, uniq_sigmund
D:7:      layout_basic, minmay_temple_entry_hall,
          lightli_ossuary_entry_decrepit_ruins
D:8:      layout_loops_corners, kennysheep_slug_shrine, uniq_gastronok
D:9:      layout_rooms, nicolae_ashenzari_skybound, lair_entry_dummy,
          serial_curves, eino_curves_04, eino_curves_04,
          hellmonk_ghost_big_iron, hangedman_decor_growths
D:10:     layout_loops_cross, mainiacjoe_overflow_big_doors,
          hangedman_decor_peaks_small, kennysheep_opposing_triangles
D:11:     layout_roguey, minmay_crystal_water
D:12:     layout_irregular_city, orc_david_3, serial_column_ruins,
          column_ruins_columns_straight, column_ruins_columns_straight,
          column_ruins_columns_corner, column_ruins_grid_1, column_ruins_grid_3,
          column_ruins_columns_T, column_ruins_open_small, st_stairs_5,
          minmay_misc_feat_roman, evilmike_minifort
Temple:   nicolae_temple_elliptical

Skill      XL: |  1  2  3  4  5  6  7  8  9 10 11 |
---------------+----------------------------------+-----
Spellcasting   | 3 4 5 6 7 9 11 13 | 13.2
Stealth        | 2 3 4 |  4.4
Dodging        | 3 |  3.1
Shields        | 1 |  1.0
Armour         | 1 |  1.7
Fighting       | |  0.7

Action                   |  1- 3 |  4- 6 |  7- 9 | 10-12 || total
-------------------------+-------+-------+-------+-------++-------
Melee: Spear             |       |       |       |     3 ||     3
 Cast: Foxfire           |    74 |    57 |   239 |   171 ||   541
       Scorch            |     6 |    22 |    64 |    47 ||   139
       Inner Flame       |     1 |    10 |    99 |    79 ||   189
       Call Canine Famil |       |       |    20 |    10 ||    30
       Poisonous Vapours |       |       |     9 |    25 ||    34
       Flame Wave        |       |       |     1 |     1 ||     2
       Manifold Assault  |       |       |       |     1 ||     1
  Use: Scroll            |       |       |     1 |     6 ||     7
Armor: Robe              |       |       |     4 |     1 ||     5
       Troll leather arm |       |       |       |     3 ||     3
Dodge: Dodged            |     2 |     3 |    18 |    15 ||    38
Block: Other             |       |       |     7 |     8 ||    15
       Reflection        |       |       |     4 |     2 ||     6
